Unix NetHack Version 5.0.0-0 post-release - last build May 10 2026 23:12:36 (d1fa5d53e341ca933230fdaa984d921c805b60aa,branch:main).

Game began 2026-05-15 08:48:43, ended 2026-05-15 09:05:43.

GdeVolpiano, lawful male dwarven Caveman

     -----------                           -------
     |.........|                           |.....@#          ------------
     |.....<....##                         |....B|########   |..[.......|
     |.........| ##                        |.....|       ####-...)......|
     |.........|  ###                      ---|---           |..........|
     |.........|###############               #              |..........|
     |.........|#   ##--------#               #              |..>.......|
     --.--------#    #|......|#               #              |..........|
       ##########    #-......-###             #              ------------
                      |......|#########       #
                      --------    ##  #############
                                   ##     -.--.---|-
                                    ###   |........|
                                      ####|........|
                                         #.`.......+
                                          |........|
                                          ----------

GdeVolpiano the Aborigine  St:18/05 Dx:8 Co:15 In:9 Wi:12 Ch:6  Lawful
Dlvl:3  $:152 HP:0(28) Pw:9(9) AC:6  Xp:3 T:969 

Latest messages:
 p - a cram ration.
 You kill the grid bug!
 You climb up the stairs.
 Where do you want to travel to?
 (For instructions type a '?')
 The gecko bites!
 You kill the gecko!
 q - a jeweled wand.
 You see here a gecko corpse.
 There is a gecko corpse here; eat it? [ynq] (n)
 This gecko corpse is fatty.
 You finish eating the gecko corpse.
 What do you want to write with? [- a-cnoq or ?*]
 You write in the dust with your fingertip.
 What do you want to write with? [- a-cnoq or ?*]
 A floating eye suddenly appears next to you!
 Do you want to add to the current engraving? [ynq] (y)
 You add to the writing in the dust with a wand of create monster.
 b - a blessed +2 sling (weapon in right hand).
 a - a +1 club (alternate weapon; not wielded).
 In what direction?
 You shoot 2 flint stones.
 The 1st flint stone hits the floating eye!
 The 2nd flint stone hits the floating eye!
 You kill the floating eye!
 c - an uncursed flint stone (in quiver pouch) (21 in total).
 You see here a floating eye corpse.
 There is a floating eye corpse here; eat it? [ynq] (n)
 This floating eye corpse is fatty.
 You finish eating the floating eye corpse.
 You feel a strange mental acuity.
 Something is written here in the dust.
 You read: "ElberethEl.??eth".
 a - a +1 club (weapon in right hand).
 b - a blessed +2 sling (alternate weapon; not wielded).
 Where do you want to travel to?
 (For instructions type a '?')
 The giant bat misses!
 The giant bat bites!
 You miss the giant bat.
 The giant bat bites!
 The giant bat bites!
 You miss the giant bat.
 The giant bat bites!
 The giant bat bites!
 You miss the giant bat.
 The giant bat bites!
 The giant bat bites!
 You die...
 Do you want your possessions identified? [ynq] (y)

Inventory:
 Coins    ('$')
  $ - 152 gold pieces
 Weapons  (')')
  b - a blessed +2 sling (alternate weapon; not wielded)
  a - a +1 club (weapon in right hand)
 Armor    ('[')
  k - an uncursed +0 orcish helm (being worn)
  l - an uncursed +0 ring mail (being worn)
 Comestibles  ('%')
  p - an uncursed cram ration
  f - an uncursed food ration
  j - an uncursed lichen corpse
 Potions  ('!')
  i - a blessed potion of healing
 Wands    ('/')
  q - a wand of create monster (0:13)
  o - a wand of digging (0:5)
 Tools    ('(')
  h - an empty uncursed sack
  m - an uncursed magic lamp
  g - a cursed magic lamp
 Gems/Stones  ('*')
  n - an uncursed worthless piece of yellow glass
  c - 21 uncursed flint stones (in quiver pouch)

GdeVolpiano the Caveman's attributes:

Background:
 You were an Aborigine, a level 3 dwarven Caveman.
 You were lawful, on a mission for Anu
 who was opposed by Ishtar (neutral) and Anshar (chaotic).
 You were right-handed.
 You were in the Dungeons of Doom, on level 3.
 You entered the dungeon 969 turns ago.
 You had 53 experience points, 27 more were needed to attain level 4.

Basics:
 You had 0 out of 28 hit points.
 You had all 9 energy points (spell power).
 Your armor class was 6.
 Your wallet contained 152 zorkmids.
 Autopickup was on for '$?!/="+' plus thrown, with exceptions.

Final Characteristics:
 Your strength was 18/05 (limit:18/100).
 Your dexterity was 8 (limit:20).
 Your constitution was 15 (limit:20).
 Your intelligence was 9 (limit:16).
 Your wisdom was 12 (limit:16).
 Your charisma was 6 (limit:16).

Final Status:
 You weren't hungry.
 You were unencumbered.
 You were wielding a club.
 You had basic skill with club.

Final Attributes:
 You were devoutly aligned.
 You were telepathic.
 You had infravision.
 You were warded.
 You are dead.

Miscellaneous:
 You didn't encounter any bones levels.
 Total elapsed playing time was 16 minutes and 56 seconds.

Major events:
 Turn
    1: GdeVolpiano the lawful dwarven Caveman entered the dungeon
  919: attained the rank of Aborigine (level 3)
  969: killed by a giant bat

You didn't know any spells.

Skills:
 Fighting Skills
   bare handed combat [Basic]
 Weapon Skills
   dagger             [Unskilled]
   knife              [Unskilled]
   axe                [Unskilled]
   pick-axe           [Unskilled]
   club               [Basic]
   mace               [Unskilled]
   morning star       [Unskilled]
   flail              [Unskilled]
   hammer             [Unskilled]
   quarterstaff       [Unskilled]
   polearms           [Unskilled]
   spear              [Unskilled]
   trident            [Unskilled]
   bow                [Unskilled]
   sling              [Basic]
   boomerang          [Unskilled]
   unicorn horn       [Unskilled]
 Spellcasting Skills
   attack spells      [Unskilled]
   matter spells      [Unskilled]

Voluntary challenges:
 Character rerolling was not enabled.
 You were an atheist.
 You never genocided any monsters.
 You never polymorphed an object.
 You never changed form.
 You used no wishes.
Achievements:
 You entered a shop.
 You attained the rank of Aborigine.

 The Dungeons of Doom: levels 1 to 4
    Level 1:
       A fountain.
    Level 2:
       A ring shop.
    Level 3: <- You were here.
       Final resting place for
          you, killed by a giant bat.
    Level 4:


Vanquished creatures:
  a little dog
  a floating eye
 an acid blob
  3 geckos
  2 jackals
  3 goblins
  2 sewer rats
  6 grid bugs
  a lichen
  3 kobold zombies
  a newt
24 creatures vanquished.

No species were genocided or became extinct.

Game over:
                       ----------
                      /          \
                     /    REST    \
                    /      IN      \
                   /     PEACE      \
                  /                  \
                  |   GdeVolpiano    |
                  |      152 Au      |
                  |   killed by a    |
                  |    giant bat     |
                  |                  |
                  |                  |
                  |       2026       |
                 *|     *  *  *      | *
        _________)/\\_//(\/(/\)/\//\/|_)_______

Goodbye GdeVolpiano the Caveman...

You died in The Dungeons of Doom on dungeon level 3 with 519 points,
and 152 pieces of gold, after 969 moves.
You were level 3 with a maximum of 28 hit points when you died.

